 Dungeon Crawl Stone Soup version 0.28.0-1-gb440e238dd (webtiles) character file.

Game seed: 18060785315466021488

10025 a3don the Frost Mage (level 11, -7/83 HPs)
             Began as a Gnoll Ice Elementalist on Feb 21, 2022.
             Mangled by a boulder beetle (26 damage)
             ... on level 11 of the Dungeon.
             The game lasted 00:29:48 (15629 turns).

a3don the Frost Mage (Gnoll Ice Elementalist)      Turns: 15629, Time: 00:29:49

Health: -7/83      AC:  8    Str:  6    XL:     11   Next: 55%
Magic:  19/23      EV: 19    Int: 18    God:
Gold:   650        SH:  0    Dex: 25    Spells: 14/26 levels left

rFire   . . .      SeeInvis .   B - +6 mace of Alyragele {venom, Dex+6 Stlth+}
rCold   . . .      Faith    .   (no shield)
rNeg    . . .      Spirit   .   U - +1 robe {Will+}
rPois   +          Reflect  .   Q - +1 hat
rElec   .          Harm     .   A - +0 cloak
rCorr   .          Rampage  .   L - +0 pair of gloves
Will    +....                   (no boots)
Stlth   +++++.....              (no amulet)
HPRegen 0.23/turn               e - +6 ring of dexterity
MPRegen 0.18/turn               p - ring of poison resistance

@: no status effects
A: fangs 1, strong nose, distributed training, shaggy fur 1, weak 1
a: no special abilities


You were on level 11 of the Dungeon.
You visited 2 branches of the dungeon, and saw 12 of its levels.

You collected 650 gold pieces.

Inventory:

Hand Weapons
 a - a +3 dagger of venom
 g - a +0 hunting sling
 v - a +2 whip of holy wrath
 x - a +4 scimitar of flaming
 z - a +3 quarterstaff of chaos
 B - the +6 mace of Alyragele (weapon) {venom, Dex+6 Stlth+}
   (You found it on level 5 of the Dungeon)

   It poisons the flesh of those it strikes.
   Dex:       It affects your dexterity (+6).
   Stlth:     It makes you more stealthy.
 J - a +3 spear
Missiles
 b - 2 throwing nets
 h - 371 stones
 k - 7 atropa-tipped darts
 n - 7 boomerangs (quivered)
 R - 20 poisoned darts
Armour
 s - a +2 helmet
 A - a +0 cloak (worn)
 I - a +0 kite shield
 L - a +0 pair of gloves (worn)
 Q - a +1 hat (worn)
 U - a +1 robe of willpower (worn)
 X - a +0 troll leather armour
Magical Staves
 c - a staff of poison
Jewellery
 e - a +6 ring of dexterity (left hand)
 p - a ring of poison resistance (right hand)
 H - a +6 ring of strength
Wands
 N - a wand of paralysis (5)
 O - a wand of mindburst (8)
 P - a wand of flame (16)
 S - a wand of iceblast (6)
Scrolls
 d - 5 scrolls of teleportation {unknown}
 f - 4 scrolls of identify {unknown}
 j - 3 scrolls of holy word {unknown}
 l - 4 scrolls of amnesia {unknown}
 o - a scroll of blinking {unknown}
 q - 2 scrolls of magic mapping {unknown}
 u - a scroll of enchant weapon {unknown}
 y - 2 scrolls of noise {unknown}
 F - a scroll of summoning {unknown}
 M - a scroll of vulnerability {unknown}
Potions
 i - 3 potions of might {unknown}
 m - 2 potions of brilliance
 r - 3 potions of degeneration
 t - a potion of lignification {unknown}
 w - a potion of haste {unknown}
 C - a potion of mutation
 D - 2 potions of heal wounds {unknown}
 E - a potion of flight
 G - a potion of magic {unknown}
 K - a potion of attraction {unknown}
 T - 2 potions of cancellation {unknown}
 W - a potion of berserk rage
 Y - a potion of ambrosia {unknown}
Miscellaneous
 V - a piece from Xom's chessboard (15/15)


   Skills:
 + Level 6.4 Fighting
 + Level 6.4 Short Blades
 + Level 6.4 Long Blades
 + Level 6.4 Axes
 + Level 6.4 Maces & Flails
 + Level 6.4 Polearms
 + Level 6.4 Staves
 + Level 6.4 Slings
 + Level 6.4 Bows
 + Level 6.4 Crossbows
 + Level 6.4 Throwing
 + Level 6.4 Armour
 + Level 8.0 Dodging
 + Level 7.7 Stealth
 + Level 6.4 Shields
 + Level 6.4 Unarmed Combat
 + Level 8.2 Spellcasting
 + Level 5.3 Conjurations
 + Level 5.3 Hexes
 + Level 5.3 Summonings
 + Level 5.3 Necromancy
 + Level 5.3 Translocations
 + Level 5.3 Transmutations
 + Level 5.3 Fire Magic
 + Level 9.0 Ice Magic
 + Level 5.3 Air Magic
 + Level 5.3 Earth Magic
 + Level 5.3 Poison Magic
 + Level 7.0 Invocations
 + Level 6.4 Evocations


You had 14 spell levels left.
You knew the following spells:

 Your Spells              Type           Power      Damage    Failure   Level
a - Freeze                Ice            100%       1d11      1%          1
b - Frozen Ramparts       Ice            78%        1d9       1%          3
c - Ozocubu's Armour      Ice            39%        N/A       1%          3
d - Summon Guardian Gole  Hex/Summ       26%        N/A       3%          3
e - Sublimation of Blood  Necr           26%        N/A       1%          2

Your spell library contained the following spells:

 Spells                   Type           Power      Damage    Failure   Level
 Apportation              Tloc           52%        N/A       1%          1
 Shock                    Conj/Air       100%       1d9       1%          1
 Wereblood                Tmut           26%        N/A       1%          2
 Swiftness                Air            26%        N/A       3%          3
 Hailstorm                Conj/Ice       33%        3d8       4%          4
 Airstrike                Air            13%        N/A       11%         4
 Alistair's Intoxication  Tmut/Pois      17%        N/A       30%         5
 Conjure Ball Lightning   Conj/Air       13%        3x3d6     86%         6
 Orb of Destruction       Conj           13%        9d7       100%        7
 Spellforged Servitor     Conj/Summ      13%        N/A       100%        7
 Summon Hydra             Summ           13%        N/A       100%        7
 Discord                  Hex            13%        N/A       100%        8
 Disjunction              Tloc           13%        N/A       100%        8


Dungeon Overview and Level Annotations

Branches:
Dungeon (11/15)            Temple (1/1) D:5
   Lair: D:8-11         Orc: D:9-12

Altars:
Cheibriados
Dithmenos
Elyvilon
Fedhas
Gozag
Kikubaaqudgha
Makhleb
Nemelex Xobeh
Okawaru
Qazlal
Ru
Sif Muna
Trog
Uskayaw
Vehumet
Wu Jian
Xom
Yredelemnul
Zin
The Shining One

Shops:
D:5 (

Annotations:
D:6 2 transporters, Sanktem7's ghost, amateur MiFi


Innate Abilities, Weirdness & Mutations

You have very sharp teeth.
Your uncanny sense of smell can sniff out nearby items.
Your experience applies equally to all skills.
You are covered in fur. (AC +1)
You are weak. (Str -2)


Message History

You start resting.
A boulder beetle comes into view.
Things that are here:
a +0 shortbow; 16 arrows
Casting: Freeze (safe; 1% risk of failure)
Confirm with . or Enter, or press ? or * to list all spells.
A guardian golem appears, shielding your allies.
The boulder beetle curls into a ball and begins rolling!
There is a stone staircase leading up, spattered with blood here.
What are your orders? t - Bark!
Orders for allies: a - Attack new target. r - Retreat! s - Stop attacking. g - Guard the area. f - Follow me.
Anything else - Cancel.
Gang up on whom?
Press: ? - help, Dir - move target, f - boulder beetle
Aim: a boulder beetle (rolling) Attack!
The boulder beetle hits your guardian golem but does no damage.
The boulder beetle stops rolling and uncurls.
The boulder beetle bites your guardian golem.
The boulder beetle bites your guardian golem.
The boulder beetle bites your guardian golem!
The boulder beetle curls into a ball and begins rolling!
The boulder beetle hits your guardian golem!!!
Your guardian golem is destroyed!
Your guardian golem disappears in a puff of smoke!
The boulder beetle stops rolling and uncurls.
The boulder beetle curls into a ball and begins rolling!
The boulder beetle hits you!!!
Ouch! That really hurt!
* * * LOW HITPOINT WARNING * * *
The boulder beetle stops rolling and uncurls.
There is an open door, spattered with blood here.
Casting: Summon Guardian Golem (mildly dangerous; 3% risk of failure)
Confirm with . or Enter, or press ? or * to list all spells.
A guardian golem appears, shielding your allies.
The boulder beetle bites you!!
You die...

#.# #.# #.......# ##.#
#.......# ##.###
#.......#
.....#########.......#
#..#.........+.......#
#.#####.######.......#
#.# #.# #..9....# #.#
#.## #@#
#.#####..##### #B#
#............###°##
......##.......)..#
....######....°...#
...#.#..#.#....<..#
...##.##.##.......#
..##.#..#.##......#
..##.#.(#.##......#


You could see a boulder beetle (ally target) and a friendly guardian golem
(summoned).

Vanquished Creatures
  A centaur warrior (D:11)
  3 two-headed ogres
  A manticore (D:9)
  A kobold demonologist (D:7)
  An efreet (D:10)
  A troll (D:10)
  3 hornets
  Grinder (D:6)
  2 yaks (D:10)
  2 wyverns (D:9)
  A wraith (D:11)
  A basilisk (D:8)
  2 steam dragons
  Menkaure (D:5)
  A water moccasin (D:6)
  4 orc warriors
  A sky beast (D:7)
  2 black bears
  3 ice beasts
  2 ogres
  4 centaurs
  3 kobold brigands
  3 bullfrogs
  2 gnoll sergeants (D:8)
  3 wyvern zombies
  4 scorpions
  A water moccasin zombie (D:5)
  4 killer bees (D:7)
  4 centaur zombies
  A gnoll shaman (D:4)
  A lava snake (D:7)
  4 orc priests
  Crazy Yiuf (D:5)
  A centaur skeleton (D:4)
  2 hounds (D:6)
  An iguana (D:7)
  4 orc wizards
  A hound zombie (D:4)
  A howler monkey zombie (D:9)
  13 gnolls
  8 adders
  A shadow imp (D:7)
  An adder zombie (D:3)
  A worm (D:2)
  5 dart slugs
  16 orcs
  5 endoplasms
  2 giant cockroaches
  5 hobgoblins
  6 jackals
  22 kobolds
  7 quokkas
  4 ball pythons
  8 bats
  3 frilled lizards
  12 goblins
  5 rats
203 creatures vanquished.

Vanquished Creatures (others)
  A shadow (D:9)
  47 fungi (D:11)
  51 plants (D:11)
  5 toadstools (D:1)
104 creatures vanquished.

Grand Total: 307 creatures vanquished

Notes
Turn   | Place    | Note
-------+----------+-------------------------------------------
     0 | D:1      | a3don the Gnoll Ice Elementalist began the quest for the
                  | Orb.
     0 | D:1      | Reached XP level 1. HP: 13/13 MP: 6/6
   160 | D:1      | Reached XP level 2. HP: 18/19 MP: 4/7
  1129 | D:1      | Reached XP level 3. HP: 24/25 MP: 7/9
  1357 | D:1      | Reached skill level 5 in Spellcasting
  1778 | D:2      | Found an opulent altar of Gozag.
  1826 | D:2      | Reached skill level 1 in Invocations
  2442 | D:2      | Reached skill level 1 in Fighting
  2442 | D:2      | Reached skill level 1 in Short Blades
  2442 | D:2      | Reached skill level 1 in Long Blades
  2442 | D:2      | Reached skill level 1 in Axes
  2442 | D:2      | Reached skill level 1 in Maces & Flails
  2442 | D:2      | Reached skill level 1 in Polearms
  2442 | D:2      | Reached skill level 1 in Staves
  2442 | D:2      | Reached skill level 1 in Slings
  2442 | D:2      | Reached skill level 1 in Bows
  2442 | D:2      | Reached skill level 1 in Crossbows
  2442 | D:2      | Reached skill level 1 in Throwing
  2442 | D:2      | Reached skill level 1 in Armour
  2442 | D:2      | Reached skill level 1 in Shields
  2442 | D:2      | Reached skill level 1 in Unarmed Combat
  2442 | D:2      | Reached skill level 1 in Evocations
  2697 | D:2      | Reached XP level 4. HP: 32/32 MP: 9/11
  2730 | D:2      | Learned a level 3 spell: Frozen Ramparts
  2734 | D:2      | Learned a level 3 spell: Ozocubu's Armour
  2842 | D:3      | Noticed a black bear
  2853 | D:3      | Killed a black bear
  2854 | D:3      | Reached skill level 1 in Conjurations
  2854 | D:3      | Reached skill level 1 in Hexes
  2854 | D:3      | Reached skill level 1 in Summonings
  2854 | D:3      | Reached skill level 1 in Necromancy
  2854 | D:3      | Reached skill level 1 in Translocations
  2854 | D:3      | Reached skill level 1 in Transmutations
  2854 | D:3      | Reached skill level 1 in Fire Magic
  2854 | D:3      | Reached skill level 1 in Air Magic
  2854 | D:3      | Reached skill level 1 in Earth Magic
  2854 | D:3      | Reached skill level 1 in Poison Magic
  2854 | D:3      | Reached XP level 5. HP: 17/37 MP: 6/12
  3943 | D:4      | Reached XP level 6. HP: 29/44 MP: 8/13
  4077 | D:4      | Reached skill level 5 in Dodging
  4827 | D:5      | Entered Level 5 of the Dungeon
  4840 | D:4      | Reached XP level 7. HP: 33/50 MP: 11/15
  5418 | D:5      | Reached skill level 5 in Stealth
  5485 | D:5      | Found a staircase to the Ecumenical Temple.
  5502 | Temple   | Entered the Ecumenical Temple
  5858 | D:5      | Found Porchubu's Antique Weapon Shoppe.
  6364 | D:5      | Noticed Menkaure
  6692 | D:5      | Killed Menkaure
  6693 | D:5      | Reached XP level 8. HP: 23/58 MP: 12/16
  7169 | D:5      | Found a runed translucent door.
  7170 | D:5      | Noticed Crazy Yiuf
  7179 | D:5      | Killed Crazy Yiuf
  7182 | D:5      | Identified the +6 mace of Alyragele {venom, Dex+6 Stlth+}
  7308 | D:6      | Noticed Grinder
  7318 | D:6      | Killed Grinder
  7457 | D:6      | Noticed Sanktem7's ghost (amateur MiFi)
  7467 | D:6      | Found a transporter.
  7555 | D:6      | Found a transporter.
  7808 | D:6      | Reached XP level 9. HP: 57/65 MP: 18/18
  8186 | D:6      | Found a bloodstained altar of Trog.
  8187 | D:6      | Found an iron altar of Okawaru.
  8426 | D:7      | Found a shimmering altar of Xom.
  8427 | D:7      | Found a blossoming altar of Fedhas.
  9670 | D:7      | Learned a level 3 spell: Summon Guardian Golem
  9772 | D:7      | Reached skill level 8 in Ice Magic
 10023 | D:7      | Noticed a kobold demonologist
 10033 | D:7      | Killed a kobold demonologist
 10281 | D:8      | Found a flagged portal.
 10313 | D:7      | Reached skill level 5 in Invocations
 11196 | D:8      | Reached XP level 10. HP: 73/73 MP: 12/20
 11359 | D:8      | Reached skill level 5 in Fighting
 11359 | D:8      | Reached skill level 5 in Short Blades
 11359 | D:8      | Reached skill level 5 in Long Blades
 11359 | D:8      | Reached skill level 5 in Axes
 11359 | D:8      | Reached skill level 5 in Maces & Flails
 11359 | D:8      | Reached skill level 5 in Polearms
 11359 | D:8      | Reached skill level 5 in Staves
 11359 | D:8      | Reached skill level 5 in Slings
 11359 | D:8      | Reached skill level 5 in Bows
 11359 | D:8      | Reached skill level 5 in Crossbows
 11359 | D:8      | Reached skill level 5 in Throwing
 11359 | D:8      | Reached skill level 5 in Armour
 11359 | D:8      | Reached skill level 5 in Shields
 11359 | D:8      | Reached skill level 5 in Unarmed Combat
 11359 | D:8      | Reached skill level 5 in Evocations
 11650 | D:8      | Found a radiant altar of Vehumet.
 11653 | D:8      | Found a sparkling altar of Nemelex Xobeh.
 11862 | D:9      | Noticed a manticore
 11882 | D:9      | Killed a manticore
 12372 | D:9      | Gained mutation: You are covered in fur. (AC +1) [potion of
                  | mutation]
 12372 | D:9      | Gained mutation: You are weak. (Str -2) [potion of
                  | mutation]
 13457 | D:10     | Entered Level 10 of the Dungeon
 13718 | D:10     | Noticed a two-headed ogre
 13733 | D:10     | Killed a two-headed ogre
 13734 | D:10     | Reached XP level 11. HP: 10/81 MP: 16/22
 13741 | D:10     | Noticed a two-headed ogre
 14042 | D:9      | Learned a level 2 spell: Sublimation of Blood
 14170 | D:10     | Reached skill level 5 in Conjurations
 14170 | D:10     | Reached skill level 5 in Hexes
 14170 | D:10     | Reached skill level 5 in Summonings
 14170 | D:10     | Reached skill level 5 in Necromancy
 14170 | D:10     | Reached skill level 5 in Translocations
 14170 | D:10     | Reached skill level 5 in Transmutations
 14170 | D:10     | Reached skill level 5 in Fire Magic
 14170 | D:10     | Reached skill level 5 in Air Magic
 14170 | D:10     | Reached skill level 5 in Earth Magic
 14170 | D:10     | Reached skill level 5 in Poison Magic
 14680 | D:10     | Killed a two-headed ogre
 15317 | D:11     | Noticed a two-headed ogre
 15323 | D:11     | Noticed a two-headed ogre
 15324 | D:11     | Killed a two-headed ogre
 15470 | D:11     | Noticed a centaur warrior
 15487 | D:11     | Killed a centaur warrior
 15488 | D:11     | Reached skill level 9 in Ice Magic
 15613 | D:11     | Noticed a boulder beetle
 15629 | D:11     | Mangled by a boulder beetle

Illustrated notes

Levels and vault maps discovered:
D:1:      ldierk_walled_garden, layout_loops_ring, minmay_misc_feat_ornament
D:2:      layout_rooms, basic_altar
D:3:      layout_rooms, hangedman_abyss_or_decor_lesser_grid,
          minmay_pentomino_pile
D:4:      layout_basic
D:5:      layout_cave_pools, minmay_temple_entry_offerings, serial_shops,
          nicolae_shop_temple_entry_statues_fountains, uniq_crazy_yiuf_cottage,
          uniq_menkaure
D:6:      layout_basic, grunt_temple_overflow_bloody_war,
          gammafunk_ghost_stat_death, uniq_grinder
D:7:      layout_basic, mainiacjoe_overflow_catch_the_wave,
          roderic_roman_lattice, kennysheep_generic_room_14
D:8:      layout_rooms, nicolae_overflow_hidden_temple, enter_bailey_5
D:9:      layout_long_grid
D:10:     minmay_angry_zag, layout_basic, hangedman_decor_peaks_small
D:11:     layout_roguey, due_lair_maze_entry_diamond, minivault_22,
          nicolae_take_the_stairs
Temple:   eino_narrow_crystal_temple

Skill      XL: |  1  2  3  4  5  6  7  8  9 10 11 |
---------------+----------------------------------+-----
Spellcasting   | 5 6 7 8 |  8.2
Invocations    | 1 2 3 4 5 6 7 |  7.0
Fighting       | 1 2 3 4 5 6 |  6.4
Short Blades   | 1 2 3 4 5 6 |  6.4
Long Blades    | 1 2 3 4 5 6 |  6.4
Axes           | 1 2 3 4 5 6 |  6.4
Maces & Flails | 1 2 3 4 5 6 |  6.4
Polearms       | 1 2 3 4 5 6 |  6.4
Staves         | 1 2 3 4 5 6 |  6.4
Slings         | 1 2 3 4 5 6 |  6.4
Bows           | 1 2 3 4 5 6 |  6.4
Crossbows      | 1 2 3 4 5 6 |  6.4
Throwing       | 1 2 3 4 5 6 |  6.4
Armour         | 1 2 3 4 5 6 |  6.4
Shields        | 1 2 3 4 5 6 |  6.4
Unarmed Combat | 1 2 3 4 5 6 |  6.4
Evocations     | 1 2 3 4 5 6 |  6.4
Conjurations   | 1 2 3 4 5 |  5.3
Hexes          | 1 2 3 4 5 |  5.3
Summonings     | 1 2 3 4 5 |  5.3
Necromancy     | 1 2 3 4 5 |  5.3
Translocations | 1 2 3 4 5 |  5.3
Transmutations | 1 2 3 4 5 |  5.3
Fire Magic     | 1 2 3 4 5 |  5.3
Air Magic      | 1 2 3 4 5 |  5.3
Earth Magic    | 1 2 3 4 5 |  5.3
Poison Magic   | 1 2 3 4 5 |  5.3
Dodging        | 5 6 7 8 |  8.0
Stealth        | 5 6 7 |  7.7
Ice Magic      | 8 9 |  9.0

Action                   |  1- 3 |  4- 6 |  7- 9 | 10-12 || total
-------------------------+-------+-------+-------+-------++-------
Melee: Unarmed           |     2 |       |       |       ||     2
       Club              |    53 |   116 |    62 |       ||   231
       Punch             |     1 |     5 |     6 |    13 ||    25
       Bite              |     7 |    14 |    29 |    20 ||    70
       Whip              |       |       |    26 |       ||    26
       Mace              |       |       |    92 |   124 ||   216
Throw: Boomerang         |       |     5 |    43 |    25 ||    73
       Dart              |       |       |     6 |       ||     6
       Throwing net      |       |       |     2 |       ||     2
 Cast: Freeze            |    44 |    16 |    11 |    23 ||    94
       Frozen Ramparts   |       |    18 |    27 |    23 ||    68
       Ozocubu's Armour  |       |     5 |    12 |    14 ||    31
       Summon Guardian G |       |       |       |     4 ||     4
  Use: Potion            |       |       |     1 |     5 ||     6
 Stab: Sleeping          |     7 |     4 |     7 |     2 ||    20
       Invisible         |       |       |     3 |       ||     3
       Distracted        |       |       |       |     1 ||     1
Armor: Robe              |    13 |    40 |    61 |    82 ||   196
Dodge: Dodged            |    68 |   127 |   235 |   234 ||   664
